3174 views
Uploaded 2020-02-02 14:09:16
Game version 1.32 / 1.32.1
6:04 long 4on4 ladder game on (8)BanewoodBog_LV
Saved by BEARAND
3174 views
Uploaded 2020-02-02 14:09:16
Game version 1.32 / 1.32.1
6:04 long 4on4 ladder game on (8)BanewoodBog_LV


58 units @ 4.1k
/ 0k
68 buildings @ 6.2k
/ 2.7k

| Peasant | 14 | 1050 | / | 0 |
| total: | 14 | 1050g | / | 0w |
| Scout Tower | 24 | 720 | / | 480 |
| Arcane Tower | 1 | 70 | / | 50 |
| Guard Tower | 17 | 1190 | / | 850 |
| Altar of Kings | 1 | 180 | / | 50 |
| Farm | 4 | 320 | / | 80 |
| Lumber Mill | 1 | 120 | / | 0 |
| Keep | 1 | 320 | / | 210 |
| total: | 30 | 1340g | / | 610w |
| 0:01 | Peasant |
| 0:01 | Peasant |
| 0:08 | Altar of Kings |
| 0:17 | Farm |
| 0:19 | Peasant |
| 0:30 | Farm |
| 0:43 | Peasant |
| 0:52 | Peasant |
| 1:05 | Lumber Mill |
| 1:16 | Peasant |
| 1:27 | Peasant |
| 1:28 | Peasant |
| 1:32 | Scout Tower |
| 1:39 | Peasant |
| 1:54 | Scout Tower |
| 1:58 | Arcane Tower |
| 1:59 | Scout Tower |
| 2:02 | Scout Tower |
| 2:04 | Peasant |
| 2:04 | Peasant |
| 2:07 | Blizzard |
| 2:13 | Scout Tower |
| 2:18 | Peasant |
| 2:25 | Guard Tower |
| 2:26 | Scout Tower |
| 2:28 | Scout Tower |
| 2:29 | Guard Tower |
| 2:30 | Scout Tower |
| 2:41 | Guard Tower |
| 2:53 | Guard Tower |
| 3:13 | Guard Tower |
| 3:15 | Scout Tower |
| 3:16 | Scout Tower |
| 3:17 | Scout Tower |
| 3:21 | Guard Tower |
| 3:21 | Peasant |
| 3:22 | Peasant |
| 4:08 | Guard Tower |
| 4:09 | Scout Tower |
| 4:09 | Scout Tower |
| 4:10 | Scout Tower |
| 4:11 | Scout Tower |
| 4:12 | Scout Tower |
| 4:12 | Scout Tower |
| 4:13 | Keep |
| 4:14 | Guard Tower |
| 4:18 | Guard Tower |
| 4:20 | Scout Tower |
| 4:21 | Scout Tower |
| 4:28 | Farm |
| 4:28 | Farm |
| 4:33 | Guard Tower |
| 4:59 | Guard Tower |
| 4:59 | Guard Tower |
| 5:00 | Scout Tower |
| 5:02 | Scout Tower |
| 5:03 | Scout Tower |
| 5:05 | Scout Tower |
| 5:05 | Scout Tower |
| 5:11 | Guard Tower |
| 5:13 | Guard Tower |
| 5:13 | Guard Tower |
| 6:03 | Brilliance Aura |
| Right click | 432 |
| Select | 116 |
| Build/train/purchase | 38 |
| Select group | 25 |
| Misc. action | 20 |
| Chat | 17 |
| Minimap ping | 7 |
| Assign group | 6 |
| Use ability | 6 |

| Healing Salve | 1 | 100 |
| Boots of Speed | 1 | 250 |
| Staff of Teleportation | 1 | 150 |
| total: | 3 | 500g |
| Peon | 13 | 975 | / | 0 |
| total: | 13 | 975g | / | 0w |
| Watch Tower | 10 | 1100 | / | 800 |
| Altar of Storms | 1 | 180 | / | 50 |
| Orc Burrow | 2 | 320 | / | 80 |
| War Mill | 1 | 205 | / | 0 |
| Voodoo Lounge | 1 | 130 | / | 30 |
| Stronghold | 1 | 315 | / | 190 |
| total: | 15 | 1935g | / | 960w |
| 0:02 | Peon |
| 0:02 | Peon |
| 0:05 | Altar of Storms |
| 0:19 | Orc Burrow |
| 0:21 | Peon |
| 0:36 | Peon |
| 0:49 | War Mill |
| 0:52 | Peon |
| 1:04 | Voodoo Lounge |
| 1:18 | Peon |
| 1:27 | Peon |
| 1:47 | Peon |
| 1:50 | Orc Burrow |
| 2:04 | Watch Tower |
| 2:07 | Peon |
| 2:10 | Wind Walk |
| 2:13 | Healing Salve |
| 2:29 | Peon |
| 2:39 | Watch Tower |
| 3:00 | Peon |
| 3:00 | Peon |
| 3:08 | Watch Tower |
| 3:17 | Peon |
| 3:20 | Watch Tower |
| 3:42 | Boots of Speed |
| 3:46 | Staff of Teleportation |
| 3:51 | Watch Tower |
| 4:12 | Watch Tower |
| 4:28 | Watch Tower |
| 4:47 | Stronghold |
| 5:29 | Watch Tower |
| 5:32 | Watch Tower |
| 5:46 | Watch Tower |
| Right click | 357 |
| Select | 88 |
| Build/train/purchase | 23 |
| Use ability | 4 |
| Assign group | 1 |
| Misc. action | 1 |
| Item give/drop | 1 |
| Minimap ping | 1 |

| Wisp | 14 | 840 | / | 0 |
| total: | 14 | 840g | / | 0w |
| Altar of Elders | 1 | 180 | / | 50 |
| Moon Well | 3 | 540 | / | 120 |
| Tree of Life | 1 | 340 | / | 185 |
| Hunter's Hall | 1 | 210 | / | 100 |
| Tree of Ages | 2 | 640 | / | 360 |
| total: | 6 | 1270g | / | 455w |
| 0:00 | Wisp |
| 0:05 | Altar of Elders |
| 0:09 | Wisp |
| 0:18 | Moon Well |
| 0:21 | Wisp |
| 0:31 | Wisp |
| 0:49 | Wisp |
| 0:56 | Moon Well |
| 1:01 | Wisp |
| 1:17 | Wisp |
| 1:28 | Wisp |
| 1:39 | Wisp |
| 2:02 | Wisp |
| 2:20 | Moon Well |
| 2:28 | Entangling Roots |
| 2:30 | Wisp |
| 2:30 | Wisp |
| 2:45 | Wisp |
| 2:52 | Tree of Life |
| 3:05 | Wisp |
| 3:34 | Tree of Ages |
| 5:49 | Hunter's Hall |
| Right click | 231 |
| Select group | 139 |
| Select | 73 |
| Assign group | 72 |
| Resource trade | 23 |
| Build/train/purchase | 20 |
| Use ability | 4 |
| Remove unit | 1 |
| Minimap ping | 1 |

| Peasant | 17 | 1275 | / | 0 |
| total: | 17 | 1275g | / | 0w |
| Scout Tower | 9 | 270 | / | 180 |
| Arcane Tower | 3 | 210 | / | 150 |
| Guard Tower | 5 | 350 | / | 250 |
| Altar of Kings | 1 | 180 | / | 50 |
| Farm | 4 | 320 | / | 80 |
| Lumber Mill | 1 | 120 | / | 0 |
| Town Hall | 2 | 770 | / | 410 |
| Keep | 1 | 320 | / | 210 |
| total: | 17 | 1660g | / | 720w |
| 0:01 | Peasant |
| 0:05 | Peasant |
| 0:08 | Altar of Kings |
| 0:12 | Peasant |
| 0:24 | Farm |
| 0:28 | Lumber Mill |
| 0:29 | Peasant |
| 0:36 | Peasant |
| 0:52 | Peasant |
| 0:56 | Farm |
| 0:59 | Farm |
| 1:14 | Scout Tower |
| 1:20 | Peasant |
| 1:30 | Improved Masonry |
| 1:43 | Scout Tower |
| 1:47 | Peasant |
| 1:48 | Peasant |
| 1:56 | Peasant |
| 2:05 | Arcane Tower |
| 2:07 | Peasant |
| 2:12 | Scout Tower |
| 2:27 | Summon Water Elemental |
| 2:30 | Peasant |
| 2:44 | Peasant |
| 2:53 | Peasant |
| 2:55 | Scout Tower |
| 2:56 | Guard Tower |
| 2:57 | Arcane Tower |
| 3:17 | Peasant |
| 3:31 | Peasant |
| 3:32 | Guard Tower |
| 3:34 | Scout Tower |
| 3:34 | Scout Tower |
| 3:36 | Keep |
| 3:44 | Farm |
| 4:14 | Guard Tower |
| 4:16 | Scout Tower |
| 4:26 | Brilliance Aura |
| 4:58 | Guard Tower |
| 5:00 | Scout Tower |
| 5:27 | Town Hall |
| 5:28 | Town Hall |
| 5:41 | Guard Tower |
| 5:42 | Scout Tower |
| 6:03 | Peasant |
| Assign group | 357 |
| Right click | 224 |
| Select group | 100 |
| Select | 97 |
| Build/train/purchase | 44 |
| Misc. action | 7 |
| Remove unit | 4 |
| Use ability | 1 |
59 units @ 6.1k
/ 0.2k
27 buildings @ 4.4k
/ 1.3k
| Peon | 12 | 900 | / | 0 |
| Troll Headhunter | 2 | 280 | / | 40 |
| Grunt | 3 | 600 | / | 0 |
| total: | 17 | 1780g | / | 40w |
| Watch Tower | 3 | 330 | / | 240 |
| Orc Burrow | 2 | 320 | / | 80 |
| War Mill | 1 | 205 | / | 0 |
| Altar of Storms | 1 | 180 | / | 50 |
| Barracks | 1 | 180 | / | 50 |
| Voodoo Lounge | 1 | 130 | / | 30 |
| Stronghold | 1 | 315 | / | 190 |
| total: | 9 | 1345g | / | 450w |
| 0:04 | Peon |
| 0:04 | Peon |
| 0:04 | Peon |
| 0:05 | Peon |
| 0:05 | Peon |
| 0:05 | Peon |
| 0:05 | Peon |
| 0:22 | Orc Burrow |
| 0:41 | War Mill |
| 1:08 | Peon |
| 1:08 | Peon |
| 1:08 | Peon |
| 1:51 | Peon |
| 1:51 | Peon |
| 2:38 | Watch Tower |
| 2:51 | Stronghold |
| 3:07 | Altar of Storms |
| 3:14 | Barracks |
| 3:18 | Orc Burrow |
| 3:24 | Voodoo Lounge |
| 3:31 | Watch Tower |
| 3:35 | Watch Tower |
| 4:10 | Steel Armor |
| 4:23 | Troll Headhunter |
| 4:24 | Grunt |
| 4:24 | Grunt |
| 4:26 | Grunt |
| 4:27 | Troll Headhunter |
| Select | 69 |
| Right click | 59 |
| Build/train/purchase | 25 |
| Chat | 15 |
| Minimap ping | 2 |
| Remove unit | 1 |

| Wisp | 11 | 660 | / | 0 |
| Archer | 7 | 910 | / | 70 |
| total: | 18 | 1570g | / | 70w |
| Altar of Elders | 1 | 180 | / | 50 |
| Moon Well | 3 | 540 | / | 120 |
| Ancient of War | 1 | 150 | / | 60 |
| Hunter's Hall | 1 | 210 | / | 100 |
| Tree of Ages | 1 | 320 | / | 180 |
| total: | 6 | 1080g | / | 330w |
| 0:04 | Wisp |
| 0:08 | Altar of Elders |
| 0:18 | Wisp |
| 0:21 | Moon Well |
| 0:30 | Wisp |
| 0:38 | Wisp |
| 0:50 | Wisp |
| 1:00 | Wisp |
| 1:16 | Wisp |
| 1:28 | Ancient of War |
| 1:30 | Wisp |
| 1:33 | Moon Well |
| 1:36 | Wisp |
| 1:48 | Wisp |
| 2:06 | Wisp |
| 2:11 | Force of Nature |
| 2:54 | Archer |
| 3:00 | Archer |
| 3:16 | Archer |
| 3:17 | Tree of Ages |
| 3:22 | Moon Well |
| 3:28 | Hunter's Hall |
| 3:49 | Archer |
| 4:10 | Archer |
| 4:30 | Archer |
| 5:10 | Archer |
| Right click | 110 |
| Select | 93 |
| Select group | 32 |
| Misc. action | 25 |
| Build/train/purchase | 21 |
| Assign group | 6 |
| Use ability | 6 |

| Rod of Necromancy | 1 | 150 |
| total: | 1 | 150g |
| Acolyte | 2 | 150 | / | 0 |
| Ghoul | 2 | 240 | / | 0 |
| Crypt Fiend | 3 | 645 | / | 120 |
| total: | 7 | 1035g | / | 120w |
| Nerubian Tower | 1 | 100 | / | 20 |
| Altar of Darkness | 1 | 180 | / | 50 |
| Crypt | 1 | 200 | / | 50 |
| Ziggurat | 2 | 300 | / | 100 |
| Tomb of Relics | 1 | 130 | / | 30 |
| Graveyard | 1 | 215 | / | 0 |
| Halls of the Dead | 1 | 320 | / | 210 |
| total: | 6 | 1025g | / | 230w |
| 0:08 | Acolyte |
| 0:09 | Acolyte |
| 0:12 | Altar of Darkness |
| 0:20 | Crypt |
| 0:43 | Ziggurat |
| 1:23 | Ghoul |
| 1:54 | Tomb of Relics |
| 2:12 | Graveyard |
| 2:20 | Ghoul |
| 2:34 | Death Coil |
| 2:38 | Halls of the Dead |
| 3:00 | Rod of Necromancy |
| 3:55 | Crypt Fiend |
| 3:55 | Crypt Fiend |
| 4:00 | Nerubian Tower |
| 4:36 | Ziggurat |
| 5:58 | Crypt Fiend |
| Right click | 243 |
| Select | 77 |
| Build/train/purchase | 15 |
| Misc. action | 6 |
| Minimap ping | 4 |
| Assign group | 1 |
| Use ability | 1 |

| Rod of Necromancy | 1 | 150 |
| Sacrificial Skull | 1 | 50 |
| total: | 2 | 200g |
| Acolyte | 8 | 600 | / | 0 |
| Ghoul | 9 | 1080 | / | 0 |
| total: | 17 | 1680g | / | 0w |
| Crypt | 1 | 200 | / | 50 |
| Ziggurat | 3 | 450 | / | 150 |
| Altar of Darkness | 1 | 180 | / | 50 |
| Tomb of Relics | 1 | 130 | / | 30 |
| Halls of the Dead | 2 | 640 | / | 420 |
| total: | 6 | 960g | / | 280w |
| 0:01 | Acolyte |
| 0:06 | Crypt |
| 0:09 | Ziggurat |
| 0:19 | Acolyte |
| 0:34 | Altar of Darkness |
| 0:51 | Tomb of Relics |
| 1:09 | Ghoul |
| 1:19 | Ziggurat |
| 1:31 | Ghoul |
| 1:31 | Ghoul |
| 1:43 | Ghoul |
| 2:02 | Ghoul |
| 2:26 | Ghoul |
| 2:41 | Rod of Necromancy |
| 2:42 | Sacrificial Skull |
| 2:47 | Carrion Swarm |
| 2:53 | Acolyte |
| 2:53 | Acolyte |
| 3:35 | Acolyte |
| 3:35 | Acolyte |
| 3:38 | Ziggurat |
| 3:49 | Ghoul |
| 3:49 | Ghoul |
| 4:39 | Ghoul |
| 4:58 | Acolyte |
| 5:02 | Vampiric Aura |
| 5:15 | Acolyte |
| 5:42 | Halls of the Dead |
| Right click | 299 |
| Select | 115 |
| Select group | 76 |
| Build/train/purchase | 26 |
| Assign group | 22 |
| Misc. action | 5 |
| Use ability | 4 |
⇛